 Dungeon Crawl Stone Soup version 0.31-a0-358-gac0dbeb3ab (webtiles) character file.

Game seed: 7217713760968813103

47 Bnni the Changeling (level 3, 0/24 HPs)
             Began as an Octopode Shapeshifter on July 25, 2023.
             Slain by a frilled lizard (2 damage)
             ... while paralysed by Grinder
             ... on level 3 of the Dungeon.
             The game lasted 00:02:13 (1625 turns).

Bnni the Changeling (Octopode Shapeshifter)         Turns: 1625, Time: 00:02:15

Health: 0/24       AC:  1    Str: 14    XL:     3   Next: 70%
Magic:  3/3        EV:  2    Int: 10    God:
Gold:   142        SH:  0    Dex: 14    Spells: 2/2 levels left

rFire   . . .        g - +1 whip (elec)
rCold   . . .        (no shield)
rNeg    . . .        (helmet currently unavailable)
rPois   .            (no amulet)
rElec   .            (no ring)
rCorr   .            (no ring)
SInv    .            (no ring)
Will    .....        (no ring)
Stlth   ++           (no ring)
HPRegen 0.24/turn    (no ring)
MPRegen 0.08/turn    (no ring)
                     (no ring)

%: no passive effects
@: paralysed, beast-form, hasted (expiring), invisible
A: beast (slay +2), almost no armour, amphibious, 8 rings, camouflage 1,
gelatinous body 1, (nimble swimmer 1), tentacles
a: Begin Untransformation


You were on level 3 of the Dungeon.
You were a hulking beast.
You visited 1 branch of the dungeon, and saw 3 of its levels.

You collected 142 gold pieces.

Inventory:

Hand Weapons
 g - a +1 whip of electrocution (weapon)
Jewellery
 f - a ring of poison resistance
Talismans
 b - a beast talisman
Scrolls
 c - 3 scrolls of identify {unknown}
 e - a scroll of noise {unknown}


   Skills:
 + Level 1.8 Fighting
 - Level 2.0 Dodging
 + Level 3.4 Unarmed Combat
 * Level 3.6 Shapeshifting


You had 2 spell levels left.
You didn't know any spells.
Your spell library was empty.

Dungeon Overview and Level Annotations

Branches:
Dungeon (3/15)

Altars:
Dithmenos
Trog

Annotations:
D:3 Grinder


Innate Abilities, Weirdness & Mutations

You are a hulking beast.
Your limbs bulge with bestial killing power. (Slay +2)
You cannot wear most types of armour.
You are amphibious.
You can wear up to eight rings at the same time.
Your skin changes colour to match your surroundings (Stealth+).
Your rubbery body absorbs attacks. (AC +1, EV +1)
((You are camouflaged when in or above water. (Stealth+)))
You have tentacles for arms and can constrict up to eight enemies at once.


Message History

You barely miss Grinder.
Grinder is moderately wounded.
The bat hits you but does no damage.
Grinder says, "My boss said I was rubbish.
His entrails said otherwise."
Grinder hits you.
* * * LOW HITPOINT WARNING * * *
You writhe in agony.
* * * LOW HITPOINT WARNING * * *
The frilled lizard bites you but does no damage.
You hit Grinder.
Grinder is heavily wounded.
Your extra speed is starting to run out.
The bat hits you but does no damage. Grinder hits you but does no damage.
The frilled lizard barely misses you.
Unknown command.
You strike the helpless Grinder from behind!
You hit Grinder. Your punch misses Grinder.
Grinder is heavily wounded.
The bat hits you but does no damage. x2; Grinder hits you but does no damage.
The frilled lizard bites you but does no damage.
You barely miss Grinder.
Grinder is heavily wounded.
You feel less wooden.
You turn into a hulking beast.
The bat barely misses you. The bat closely misses you.
Unknown command.
You catch the helpless Grinder completely off-guard!
You hit Grinder. You grab Grinder.
Grinder is heavily wounded.
You constrict Grinder, but do no damage.
The bat barely misses you. Grinder closely misses you.
The frilled lizard misses you.
Unknown command.
You hit Grinder. You squeeze Grinder.
Grinder is severely wounded.
You constrict Grinder. The bat barely misses you. Grinder gestures at you.
You suddenly lose the ability to move!
You lose your grip on Grinder.
The frilled lizard bites you.
You die...

##...###.#####..#
................#
....####'###.....
. #.⌠.⌠####...#
#....##.##..#
#.._.#$..8..#
#....#$...).#
#....#$..l))#
#.._.#$..8hb#
#....##.##5##
#.⌠.⌠####..#
#.####'###...#
#............#
...#####.#..###
#.#..## ..###.#
### ..#


You could see Grinder (unable to see you), a bat and a frilled lizard (unable to
see you).

Vanquished Creatures
  An adder (D:3)
  2 worms (D:2)
  A dart slug (D:2)
  5 orcs (D:3)
  A bat (D:2)
  An endoplasm (D:2)
  5 goblins
  A hobgoblin (D:2)
  3 ball pythons
  3 kobolds
  2 rats (D:2)
25 creatures vanquished.

Notes
Turn   | Place    | Note
-------+----------+-------------------------------------------
     0 | D:1      | Bnni the Octopode Shapeshifter began the quest for the Orb.
     0 | D:1      | Reached XP level 1. HP: 13/13 MP: 1/1
    71 | D:1      | Found a faded altar of an unknown god.
   888 | D:2      | Reached XP level 2. HP: 18/18 MP: 2/2
  1190 | D:2      | Reached XP level 3. HP: 23/23 MP: 3/3
  1567 | D:3      | Found a shadowy altar of Dithmenos.
  1567 | D:3      | Found a bloodstained altar of Trog.
  1571 | D:3      | Noticed Grinder
  1595 | D:3      | Paralysed by Grinder for 5 turns
  1607 | D:3      | Paralysed by Grinder for 2 turns
  1625 | D:3      | Paralysed by Grinder for 3 turns
  1625 | D:3      | Slain by a frilled lizard

Illustrated notes

Levels and vault maps discovered:
D:1:      nagdon_arrival_double_spiral, layout_loops_ring,
          chequers_ecumenical_altar_simple, st_stairs_14, minmay_tetromino_t2
D:2:      layout_loops_ring
D:3:      layout_loops_ring, jmf_multi_god_temple, minmay_ogre_servants,
          uniq_grinder

Action                     || total
---------------------------++-------
  Melee: Unarmed           ||    27
         Tentacles         ||     4
         Constrict         ||    11
         Whip              ||    37
    Use: Potion            ||     3
   Stab: Sleeping          ||     2
         Invisible         ||     3
 Armour: Skin              ||    78
  Dodge: Dodged            ||    40

Table legend: (Time is in decaauts)
 A = Elapsed time spent in this place.
 B = Non-inter-level travel time spent in this place.
 C = Inter-level travel time spent in this place.
 D = Time resting spent in this place.
 E = Time spent auto-exploring this place.
 F = Levels seen in this place.
 G = Mean time per level.
                   A        B        C        D        E       F      G
               +--------+--------+--------+--------+--------+-----+--------+
         Total |   1617 |   1512 |    105 |      0 |   1320 |   3 |  539.0 |
       Dungeon |   1617 |   1512 |    105 |      0 |   1320 |   3 |  539.0 |
               +--------+--------+--------+--------+--------+-----+--------+

Top non-repeatable levels by time:
     D:1: 816 daAuts
     D:2: 713 daAuts
     D:3: 87 daAuts
